Map: Golden Wall LE

Players

Seither - Winner!

  • Race: Terran Terran
  • Spawn Location: 5:00

MeomaikA

  • Race: Zerg Zerg
  • League: Grandmaster
  • Spawn Location: 7:00

Event: DreamHack SC2 Masters 2020 Fall

VOD

Have the link to the VOD?

Description

Time

  • Played on: Aug. 28, 2020, 7:46 a.m.
  • Length: 9:24

All games in this series

Show
View Real Time Build Order
Export as new Build Order

Seither Terran - Winner!

Build Orders: Liberator Opening, Reaper Expand 

Get SALT Encoding   

  12  0:00  SCV  
  13  0:12  SCV  
  14  0:18  Supply Depot  
  14  0:25  SCV  
  15  0:39  SCV  
  15  0:41  Barracks  
  16  0:45  Refinery  
  16  0:52  SCV  
  17  1:04  SCV  
  18  1:16  SCV  
  19  1:28  Reaper  
  19  1:29  Orbital Command  
  20  1:43  Command Center  
  20  1:53  Barracks  
  20  1:58  SCV  
  21  2:07  Barracks Reactor  
  21  2:10  SCV  
  21  2:15  Supply Depot  
  22  2:22  SCV  
  23  2:25  Factory  
  23  2:31  Refinery  
  23  2:36  SCV  
  24  2:40  Barracks Tech Lab  
  24  2:42  Marine  
  24  2:43  Marine  
  26  2:48  SCV  
  27  2:56  Orbital Command  
  27  3:00  Marine  
  27  3:01  SCV  
  27  3:02  Marine  
  30  3:08  Marine  
  30  3:12  Stimpack  
  31  3:17  SCV  
  32  3:24  SCV  
  32  3:25  Starport  
  33  3:27  Marine x2  
  33  3:29  Marine  
  37  3:34  SCV  
  37  3:36  SCV  
  38  3:43  Supply Depot  
  38  3:45  Marine  
  39  3:49  SCV  
  39  3:52  SCV  
  39  3:54  Marine x2  
  43  3:58  Factory Tech Lab  
  43  4:00  Bunker  
  43  4:03  Liberator  
  43  4:06  SCV x2  
  48  4:10  Marine  
  48  4:12  Marine x2  
  48  4:14  Supply Depot  
  49  4:21  Siege Tank  
  49  4:28  Marine  
  49  4:30  Marine x2  
  50  4:43  SCV x2  
  51  4:46  Marine  
  51  4:48  Marine x2  
  51  4:52  Command Center  
  54  5:00  Starport Reactor  
  54  5:01  Siege Tank  
  54  5:04  SCV x2, Marine  
  54  5:06  Marine  
  61  5:07  Supply Depot  
  61  5:12  Supply Depot  
  60  5:14  Marine  
  60  5:16  SCV  
  60  5:20  Engineering Bay  
  62  5:28  Marine x2  
  62  5:29  SCV x2  
  62  5:30  Barracks  
  66  5:38  Medivac x2  
  66  5:41  SCV x2  
  66  5:42  Supply Depot  
  72  5:43  Refinery  
  72  5:46  Marine x3  
  72  5:48  Terran Infantry Weapons Level 1  
  75  5:51  Refinery  
  75  5:53  SCV x2  
  74  6:05  Orbital Command  
  74  6:08  Siege Tank  
  74  6:09  SCV x2  
  79  6:13  Supply Depot  
  79  6:16  Marine  
  79  6:17  Marine  
  79  6:18  Barracks Reactor  
  81  6:26  Marine  
  81  6:27  Combat Shield  
  81  6:34  Marine  
  81  6:43  Missile Turret  
  81  6:44  SCV x2, Supply Depot  
  77  6:50  Missile Turret, Marine x2  
  77  6:52  Marine  
  75  6:56  SCV, Orbital Command  
  73  7:02  SCV  
  73  7:05  Marine x2  
  73  7:08  SCV, Marine  
  73  7:09  Marine  
  73  7:10  Marine  
  73  7:14  SCV  
  62  7:15  Medivac x2  
  78  7:20  SCV  
  82  7:23  Marine  
  82  7:26  SCV x2  
  82  7:27  Missile Turret  
  84  7:31  Marine x3  
  84  7:32  SCV, Marine  
  84  7:35  Siege Tank  
  92  7:42  SCV x2  
  94  7:45  SCV, Marine  
  94  7:49  Marine x2  
  98  7:54  SCV x2  
  98  7:55  Marine x2  
  98  7:57  Medivac  
  102  7:59  SCV  
  102  8:06  SCV x2  
  102  8:08  Supply Depot  
  97  8:14  Marine x2  
  97  8:15  SCV, Marine x2  
  97  8:18  SCV  
  88  8:29  Marine  
  88  8:30  Siege Tank  
  88  8:32  SCV, Marine x3  
  88  8:33  SCV  
  88  8:34  Barracks  
  95  8:35  Barracks  
  95  8:37  Medivac x2  
  99  8:46  SCV  
  99  8:47  SCV  
  99  8:48  Sensor Tower  
  100  8:51  Supply Depot  
  100  8:52  Supply Depot  
  100  8:53  Marine x2  
  100  8:54  Marine x2, Barracks  
  103  8:56  Barracks  
  103  8:57  SCV  
  103  8:58  SCV  
  103  8:59  SCV  
  105  9:09  SCV  
Show
View Real Time Build Order
Export as new Build Order

MeomaikA Zerg 

Build Orders: Hatch First 

Get SALT Encoding   

  12  0:00  Drone  
  13  0:08  Drone  
  14  0:16  Overlord  
  14  0:23  Drone, Extractor  
  15  0:35  Drone x2  
  17  0:44  Drone  
  18  0:56  Hatchery  
  17  1:08  Spawning Pool  
  16  1:11  Drone  
  16  1:14  Drone  
  16  1:17  Extractor  
  17  1:20  Drone  
  18  1:26  Drone  
  19  1:37  Overlord  
  19  1:48  Drone  
  20  1:54  Queen  
  20  1:59  Zergling x2  
  23  2:02  Roach Warren  
  23  2:07  Queen  
  24  2:10  Zergling x2  
  25  2:16  Metabolic Boost  
  25  2:23  Drone x2  
  25  2:25  Drone  
  28  2:34  Overlord  
  28  2:42  Drone x2  
  30  2:46  Roach  
  32  2:58  Roach x2  
  36  3:02  Drone  
  36  3:03  Extractor  
  36  3:05  Drone x2  
  36  3:06  Drone  
  38  3:16  Overlord  
  38  3:20  Drone x2  
  38  3:21  Overlord  
  38  3:27  Lair  
  40  3:29  Drone  
  40  3:32  Drone  
  42  3:36  Drone  
  43  3:55  Overlord, Drone x2  
  43  3:57  Queen, Extractor  
  43  4:03  Ravager  
  43  4:04  Ravager  
  43  4:07  Drone x2  
  46  4:10  Drone  
  46  4:11  Drone  
  46  4:12  Drone  
  46  4:16  Drone x2  
  48  4:18  Drone  
  47  4:25  Drone  
  47  4:30  Spire  
  42  4:35  Drone x2  
  44  4:46  Zergling x6  
  44  4:47  Zergling x2  
  44  4:49  Zergling x2  
  49  4:56  Zergling x2  
  49  4:57  Overlord  
  50  5:06  Overlord  
  50  5:19  Hatchery  
  48  5:25  Spore Crawler  
  47  5:42  Mutalisk x5  
  57  6:00  Roach x3  
  58  6:04  Glial Reconstitution  
  58  6:09  Roach  
  60  6:11  Roach  
  60  6:15  Roach  
  60  6:17  Roach  
  66  6:22  Roach  
  66  6:23  Roach  
  70  6:26  Roach  
  70  6:29  Overlord  
  70  6:33  Roach  
  70  6:36  Roach  
  70  6:43  Roach  
  72  6:49  Roach  
  74  6:56  Roach  
  74  7:00  Roach  
  78  7:05  Roach  
  78  7:07  Roach  
  82  7:11  Roach  
  82  7:13  Roach  
  86  7:19  Roach  
  88  7:28  Roach  
  88  7:29  Zergling x12  
  96  7:31  Zergling x2  
  96  7:33  Zergling x2  
  98  7:44  Overlord x2  
  97  8:06  Roach x2  
  97  8:11  Roach x2  
  94  8:13  Roach x2  
  94  8:16  Roach x2  
  94  8:17  Roach x2  
  91  8:20  Roach  
  91  8:24  Ravager  
  91  8:26  Roach  
  88  8:30  Roach  
  88  8:31  Roach  
  92  8:37  Roach  
  92  8:38  Roach  
  96  8:42  Roach  
  96  8:47  Roach  
  100  8:49  Zergling x2  
  100  8:51  Zergling x2  
  100  8:52  Zergling x2  
  103  8:59  Zergling x6  
  105  9:02  Zergling x2  
  105  9:03  Zergling x2  

Tags
 
Add a new tag
Caveats
  • Supply blocks, unpowered buildings, or Contaminate may cause inaccurate times.
  • Supply counts are checked every 10 seconds.